AoeStats
← ThunderboltX

Arena

509469526Analyzed
1v1 RM · 6d ago on Sep 26, 2026· 40m 25s· 2 players
Game mode
Random Map
Map size
Tiny (2 player)
Population
200
Speed
Normal
Resources
Standard
Victory
Conquest
Starting age
Dark Age
Ending age
Imperial Age
RankedLock teamsTeams togetherTeam positionsShared explorationLock speedFull tech treeHidden civsTurbo modeCheats
Victory
Defeat
🇲🇦 Mongols · Morocco
2560
+9
🇧🇬 Cumans · Bulgaria
2386
-9
ThunderboltX
8:07 Feudal Age
8:46 Double-Bit Axe
10:43 Horse Collar
19:04 Castle Age
17:37 Gold Mining
17:53 Loom
20:22 Wheelbarrow
20:08 Bow Saw
24:16 Imperial Age
23:25 Fletching
23:36 Padded Archer Armor
23:57 Ballistics
24:44 Bodkin Arrow
26:05 Chemistry
30:10 Masonry
32:19 Hand Cart
32:11 Scale Barding Armor
32:31 Forging
32:13 Cavalier
33:03 Bloodlines
33:46 Chain Barding Armor
33:00 Cavalier
33:51 Bloodlines
35:29 Plate Barding Armor
37:35 Iron Casting
40:12 Blast Furnace
40:29 Heavy Plow
40:14 Light Cavalry
OS+ | TeMo
9:17 Feudal Age
10:18 Double-Bit Axe
13:12 Castle Age
11:24 Horse Collar
14:38 Bow Saw
20:11 Fletching
26:09 Imperial Age
23:25 Loom
23:58 Stone Mining
25:42 Gold Mining
28:43 Bodkin Arrow
29:43 Masonry
31:59 Bodkin Arrow
33:21 Bracer
33:56 Town Watch
34:56 Ballistics
35:31 Padded Archer Armor
38:14 Chemistry
38:50 Bloodlines
39:16 Husbandry
39:22 Thumb Ring
Connection lost

Rejoining the realm…

Still unreachable

The connection could not be restored.

Session expired

The server has moved on; the page needs a fresh start.